AoeStats
← die trying

Arabia

504834103Analyzed
1v1 RM · 24d ago on Sep 6, 2026· 28m 27s· 2 players
Game mode
Random Map
Map size
Tiny (2 player)
Population
200
Speed
Normal
Resources
Standard
Victory
Conquest
Starting age
Dark Age
Ending age
Imperial Age
RankedLock teamsTeams togetherTeam positionsShared explorationLock speedFull tech treeHidden civsTurbo modeCheats
Victory
Defeat
🇨🇿 Huns · Czechia
1907
+14
🇨🇱 Mongols · Chile
1861
-14
die trying
6:06 Loom
8:20 Feudal Age
8:34 Man-at-Arms
12:40 Double-Bit Axe
14:52 Fletching
22:16 Castle Age
20:46 Horse Collar
21:34 Bloodlines
22:42 Padded Archer Armor
23:00 Husbandry
23:32 Bodkin Arrow
alesh
6:00 Loom
8:26 Feudal Age
9:24 Double-Bit Axe
17:35 Fletching
17:56 Town Watch
22:10 Castle Age
20:22 Padded Archer Armor
20:35 Gold Mining
22:47 Bodkin Arrow
23:17 Bow Saw
23:38 Bloodlines
25:17 Leather Archer Armor
25:51 Husbandry
27:14 Ballistics
29:07 Thumb Ring
Connection lost

Rejoining the realm…

Still unreachable

The connection could not be restored.

Session expired

The server has moved on; the page needs a fresh start.